 Dungeon Crawl Stone Soup version 0.30.1-9-gdf580d7c3d (webtiles) character file.

Game seed: 464157983409158470

17749 lonewolfV2 the Severer (level 12, -1/89 HPs)
             Began as a Formicid Fighter on Oct 20, 2023.
             Was a High Priest of Dithmenos.
             Slain by an orange demon (6 damage)
             ... summoned by an orc high priest
             ... while paralysed
             ... on level 13 of the Dungeon.
             The game lasted 00:34:27 (14827 turns).

lonewolfV2 the Severer (Formicid Fighter)          Turns: 14827, Time: 00:34:27

Health: -1/89      AC: 11    Str: 31      XL:     12   Next: 86%
Magic:  0/12       EV:  2    Int:  0 (5)  God:    Dithmenos [*****.]
Gold:   871        SH:  0    Dex: 16      Spells: 11/11 levels left

rFire   . . .        u - +8 executioner's axe of Courage {drain, Dex+3}
rCold   . . .        B - +10 tower shield of Ignorance {rN+ Int-4}
rNeg    + + .        y - +0 chain mail
rPois   .            (helmet unavailable)
rElec   +            L - +0 cloak
rCorr   .            (no gloves)
SInv    +            l - +0 pair of boots
Will    ++...        I - amulet of guardian spirit Stlth
                     g - +6 ring of strength
HPRegen 0.34/turn    M - ring "Gynathrue" {rElec rN+ Will+ SInv Stlth-}
MPRegen 0.13/turn

%: guardian spirit
@: paralysed, marked, slowed, lost intelligence, wreathed by umbra, unable to
read
A: permanent stasis, dig shafts and tunnels, antennae 3, four strong arms
a: Dig, Shaft Self, Renounce Religion, Shadow Step, Shadow Form


You were on level 13 of the Dungeon.
You worshipped Dithmenos.
Dithmenos was extremely pleased with you.
You visited 1 branch of the dungeon, and saw 13 of its levels.
You also visited: Ossuary.

You collected 1031 gold pieces.
You spent 160 gold pieces at shops.

Inventory:

Hand Weapons
 a - a +0 war axe of chaos
 u - the +8 executioner's axe of Courage (weapon) {drain, Dex+3}
   (You acquired it on level 6 of the Dungeon)

   Dex:       It affects your dexterity (+3).
Missiles
 D - a throwing net
Armour
 c - a +1 buckler
 l - a +0 pair of boots (worn)
 y - a +0 chain mail (worn)
 B - the +10 tower shield of Ignorance (worn) {rN+ Int-4}
   (You acquired it on level 6 of the Dungeon)

   Int:       It affects your intelligence (-4).
   rN:        It protects you from negative energy.
 L - a +0 cloak (worn)
Jewellery
 f - a ring of fire
 g - a +6 ring of strength (left hand)
 p - a ring of poison resistance
 I - an amulet of guardian spirit (around neck)
 J - a ring of ice
 M - the ring "Gynathrue" (right hand) {rElec rN+ Will+ SInv Stlth-}
   (You bought it in a shop on level 11 of the Dungeon)

   [ring of positive energy]

   rElec:     It insulates you from electricity.
   rN:        It protects you from negative energy.
   SInv:      It lets you see invisible.
   Will:      It increases your willpower.
   Stlth:     It makes you less stealthy.
Wands
 d - a wand of roots (14)
 t - a wand of flame (13)
 w - a wand of charming (15)
 C - a wand of polymorph (8)
 Q - a wand of quicksilver (5)
Scrolls
 e - 4 scrolls of enchant armour
 k - 2 scrolls of fear
 r - 3 scrolls of poison
 x - a scroll of butterflies
 E - a scroll of identify
 F - 2 scrolls of brand weapon
 N - 3 scrolls of amnesia
Potions
 h - 2 potions of haste
 i - 2 potions of lignification
 j - 9 potions of curing
 m - 3 potions of attraction
 n - 5 potions of mutation
 o - 10 potions of heal wounds
 s - a potion of resistance
 v - 2 potions of berserk rage
 z - 2 potions of might
 A - a potion of magic
 H - a potion of brilliance
 K - 2 potions of flight
 P - a potion of ambrosia


   Skills:
 - Level 6.7 Fighting
 * Level 16.2 Axes
 - Level 3.2 Armour
 + Level 14.3 Shields


You had 11 spell levels left.
You didn't know any spells.
Your spell library contained the following spells:

 Spells                   Type           Power      Damage    Failure   Level
 Foxfire                  Conj/Fire      0%         2x1d4     99%         1
 Magic Dart               Conj           0%         1d3       99%         1
 Shock                    Conj/Air       0%         1d3       99%         1
 Call Imp                 Summ           0%         N/A       100%        2
 Cigotuvi's Dreadful Rot  Necr/Pois/Air  0%         N/A       100%        2
 Lesser Beckoning         Tloc           0%         N/A       100%        2
 Momentum Strike          Conj/Tloc      0%         3d8       100%        2
 Searing Ray              Conj           0%         2d4       100%        2
 Call Canine Familiar     Summ           0%         N/A       100%        3
 Ignite Poison            Fire/Tmut/Pois 0%         N/A       100%        3
 Mephitic Cloud           Conj/Pois/Air  0%         N/A       100%        3
 Portal Projectile        Hex/Tloc       0%         N/A       100%        3
 Airstrike                Air            0%         2d(0-16)  100%        4
 Animate Dead             Necr           0%         N/A       100%        4
 Fulminant Prism          Conj/Hex       0%         3d5       100%        4
 Leda's Liquefaction      Hex/Erth       0%         N/A       100%        4
 Petrify                  Tmut/Erth      0%         N/A       100%        4
 Borgnjor's Vile Clutch   Necr/Erth      0%         N/A       100%        5
 Fireball                 Conj/Fire      0%         3d3       100%        5
 Freezing Cloud           Conj/Ice/Air   0%         6-21      100%        5
 Metabolic Englaciation   Hex/Ice        0%         N/A       100%        5
 Death Channel            Necr           0%         N/A       100%        6
 Plasma Beam              Fire/Air       0%         2x1d11    100%        6
 Starburst                Conj/Fire      0%         6d3       100%        6
 Statue Form              Tmut/Erth      0%         N/A       100%        6
 Blink                    Tloc           Unusable   N/A       N/A         2
 Swiftness                Air            Unusable   N/A       N/A         3

Dungeon Overview and Level Annotations

Branches:
Dungeon (13/15)            Temple (0/1) D:6            Lair (0/5) D:11
    Orc (0/2) D:11        Ossuary (visited)
 Vaults: D:13-14

Altars:
Cheibriados
Dithmenos
Fedhas
Hepliaklqana
Makhleb
Sif Muna
Trog
Vehumet
Wu Jian

Shops:
D:4 =   D:10 (*   D:11 *


Innate Abilities, Weirdness & Mutations

You cannot be hasted, slowed, berserked, paralysed or teleported.
You can dig through walls and to a lower floor.
You have a pair of large antennae on your head. (SInv)
Your four strong arms can wield two-handed weapons with a shield.


Message History

The grasping roots constrict the orc high priest.
The grasping roots constrict the orc wizard!
The grasping roots constrict the orc!
You kill the orc!
Dithmenos accepts your kill.
The grasping roots constrict the neqoxec. x2
The grasping roots constrict the orange demon.
The neqoxec gestures at you.
You feel dopey. Something feeds on your intellect!
You block the orange demon's attack. You block the orc knight's attack.
The neqoxec struggles to escape constriction.
You block the orc wizard's attack.
The orc high priest hits you from afar with a +0 halberd!!
You barely miss the orc knight.
The orc knight is heavily wounded.
You hit the neqoxec but do no damage. You hit the orc wizard.
You drain the orc wizard.
The grasping roots constrict the orc high priest.
The grasping roots constrict the orc wizard!
You kill the orc wizard!
Dithmenos accepts your kill.
You hear a splash. x2
The grasping roots constrict the neqoxec. x2
The grasping roots constrict the orange demon.
The roots release their grip on the neqoxec.
The roots release their grip on the orc high priest.
The roots release their grip on the neqoxec.
The roots release their grip on the orange demon.
The neqoxec gestures at you.
You feel dopey.
You have lost your intelligence.
Something feeds on your intellect!
The orc knight hits you with a +1 dire flail.
The orange demon stings you from afar!
The orc high priest hits you from afar with a +0 halberd!
The neqoxec hits you!
The orc knight hits you with a +1 dire flail!!
* * * LOW HITPOINT WARNING * * *
The orange demon stings you from afar.
You die...

. .... .... ..... .....
...... ...... ..... ......
... #### #...4####'### ####
.... #....3@.....# #... ....
~~..§o3)o....# #... ....
##'''##~.....# #... ....
#... #~.....# #... .... #..
#~)....# #... [...#...~#.
#~.....# #... #####...≈#
#~)############... # ....~
#≈)#......#....... #
...~#######~)#......#.......


You could see an orc knight, an orc high priest (strong), an orange demon
(summoned) and 2 neqoxecs.

Vanquished Creatures
  A storm dragon (D:12)
  The ghost of ShellytheWitch the Cleaver, a novice HOFi of Beogh (D:11)
  A boulder beetle (D:11)
  3 ugly things
  2 cyclopes
  2 manticores (D:11)
  A gargoyle (D:11)
  2 unseen horrors
  Maggie (D:6)
  A komodo dragon (D:13)
  5 trolls
  13 slime creatures
  A shadow (D:9)
  A wraith (D:12)
  9 yaks
  3 vampires
  2 steam dragons
  5 vampire mosquitoes
  2 acid dragons
  2 water moccasins
  7 orc warriors
  A black bear (D:3)
  A sky beast (D:7)
  A wolf (D:8)
  2 ogres
  8 centaurs
  2 phantoms
  2 kobold brigands
  3 bullfrogs
  6 gnoll sergeants
  5 scorpions
  10 wights
  3 killer bees (D:9)
  A howler monkey (D:8)
  3 orc priests
  2 gnoll boudas
  10 hounds
  3 jellies
  A sleepcap (D:7)
  2 iguanas (D:11)
  Terence (D:2)
  9 orc wizards
  9 mummies
  11 adders
  27 gnolls
  4 white imps
  2 worms (D:2)
  4 dart slugs
  50 orcs
  3 ball pythons
  4 bats
  6 endoplasms
  7 giant cockroaches
  11 goblins
  3 hobgoblins
  4 jackals (D:8)
  8 quokkas
  4 frilled lizards
  A gnoll zombie (Ossuary)
  A hobgoblin zombie (Ossuary)
  15 kobolds
  4 kobold zombies (Ossuary)
  2 orc zombies (Ossuary)
  4 rats
325 creatures vanquished.

Vanquished Creatures (collateral kills)
  A worm (D:5)
1 creature vanquished.

Vanquished Creatures (others)
  A hound zombie (D:5)
  A gnoll (D:6)
2 creatures vanquished.

Grand Total: 328 creatures vanquished

Notes
Turn   | Place    | Note
-------+----------+-------------------------------------------
     0 | D:1      | lonewolfV2 the Formicid Fighter began the quest for the
                  | Orb.
     0 | D:1      | Reached XP level 1. HP: 18/18 MP: 1/1
    39 | D:1      | Reached XP level 2. HP: 24/24 MP: 2/2
   220 | D:1      | Reached XP level 3. HP: 29/29 MP: 3/3
   652 | D:2      | Reached skill level 3 in Axes
   653 | D:2      | Found a burning altar of Makhleb.
   872 | D:2      | Reached XP level 4. HP: 34/37 MP: 4/4
  1348 | D:2      | Noticed Terence
  1360 | D:2      | Killed Terence
  1669 | D:2      | Reached XP level 5. HP: 42/42 MP: 5/5
  2023 | D:3      | Reached skill level 5 in Shields
  2416 | D:3      | Found a shadowy altar of Dithmenos.
  2435 | D:3      | Became a worshipper of Dithmenos the Shadowed
  2535 | D:3      | Reached skill level 4 in Axes
  2615 | D:3      | Noticed a black bear
  2622 | D:3      | Killed a black bear
  2623 | D:3      | Reached XP level 6. HP: 22/49 MP: 6/6
  3312 | D:4      | Found a sand-covered staircase.
  3319 | Ossuary  | Entered an ossuary
  3339 | Ossuary  | Reached * piety under Dithmenos
  3675 | Ossuary  | Reached skill level 5 in Axes
  3872 | D:4      | Reached XP level 7. HP: 54/55 MP: 7/7
  3894 | D:4      | Found Feofid's Jewellery Boutique.
  4152 | D:4      | Reached skill level 5 in Fighting
  4835 | D:5      | Entered Level 5 of the Dungeon
  4845 | D:5      | Identified the +9 quarterstaff "Lamoq" {drain, Will+++
                  | Str-3 Dex+5}
  4889 | D:5      | Reached skill level 6 in Axes
  5169 | D:5      | Identified the +4 ring mail of Dyspraxia {Drain rF+ rC-
                  | Str+6}
  5196 | D:5      | Reached XP level 8. HP: 63/63 MP: 8/8
  5479 | D:5      | Found a snail-covered altar of Cheibriados.
  5873 | D:6      | Identified a scroll of acquirement
  5873 | D:6      | Acquired the +8 executioner's axe of Courage {drain, Dex+3}
  5919 | D:6      | Noticed Maggie
  5935 | D:6      | Killed Maggie
  5936 | D:6      | Reached skill level 7 in Axes
  6441 | D:6      | Found a staircase to the Ecumenical Temple.
  6543 | D:6      | Reached ** piety under Dithmenos
  6548 | D:6      | Reached XP level 9. HP: 35/71 MP: 9/9
  7107 | D:6      | Found a bloodstained altar of Trog.
  7808 | D:7      | Reached skill level 8 in Axes
  8541 | D:6      | Acquired the +10 tower shield of Ignorance {rN+ Int-4}
  8541 | D:6      | Found the +10 tower shield of Ignorance {rN+ Int-4}
  8609 | D:8      | Reached skill level 9 in Axes
  8733 | D:8      | Reached skill level 10 in Axes
  9070 | D:8      | Reached XP level 10. HP: 67/77 MP: 10/10
  9345 | D:8      | Reached skill level 11 in Axes
  9779 | D:9      | Noticed a cyclops
  9788 | D:9      | Killed a cyclops
  9819 | D:9      | Reached *** piety under Dithmenos
  9935 | D:9      | Reached skill level 12 in Axes
  9935 | D:9      | Reached skill level 10 in Shields
 10222 | D:9      | Found a blossoming altar of Fedhas.
 10222 | D:9      | Found a shimmering blue altar of Sif Muna.
 10577 | D:10     | Entered Level 10 of the Dungeon
 10774 | D:10     | Reached XP level 11. HP: 55/83 MP: 5/11
 10989 | D:10     | Found a radiant altar of Vehumet.
 11161 | D:10     | Found an ornate altar of the Wu Jian Council.
 11177 | D:10     | Reached skill level 13 in Axes
 11205 | D:10     | Found Beuleoce's Serpentskin Sales.
 11331 | D:10     | Found Deos's Weapon Emporium.
 11588 | D:10     | Found a faded altar of an unknown god.
 11589 | D:10     | Found a faded altar of an unknown god.
 11591 | D:10     | Found a hazy altar of Hepliaklqana.
 11719 | D:11     | Noticed a manticore
 11737 | D:11     | Killed a manticore
 12257 | D:11     | Found a staircase to the Orcish Mines.
 12271 | D:11     | Found Iplaut's Assorted Antiques.
 12284 | D:11     | Bought a smoking tin ring for 160 gold pieces
 12284 | D:11     | Identified the ring "Gynathrue" {rElec rN+ Will+ SInv
                  | Stlth-} (You bought it in a shop on level 11 of the
                  | Dungeon)
 12293 | D:11     | Noticed a boulder beetle
 12300 | D:11     | Killed a boulder beetle
 12308 | D:11     | Reached **** piety under Dithmenos
 12313 | D:11     | Reached skill level 14 in Axes
 12491 | D:11     | Noticed a cyclops
 12499 | D:11     | Killed a cyclops
 12555 | D:11     | Noticed a manticore
 12559 | D:11     | Killed a manticore
 12629 | D:11     | Found a staircase to the Lair.
 12770 | D:11     | Found a bloodstained altar of Trog.
 12862 | D:11     | Found a large runed translucent door.
 12862 | D:11     | Found a large runed translucent door.
 12866 | D:11     | Noticed ShellytheWitch's ghost (novice HOFi)
 13139 | D:11     | Killed ShellytheWitch's ghost
 13140 | D:11     | Reached XP level 12. HP: 81/89 MP: 10/12
 13419 | D:12     | Reached skill level 15 in Axes
 13602 | D:12     | Identified the +4 long sword of the Moon {heavy, rF+ rCorr
                  | Dex-2}
 13776 | D:12     | Noticed a storm dragon
 13787 | D:12     | Killed a storm dragon
 13929 | D:12     | Identified the +4 war axe "Joeddeb" {heavy, Dex+4}
 14450 | D:13     | Reached skill level 16 in Axes
 14816 | D:13     | Noticed an orc high priest
 14818 | D:13     | Reached ***** piety under Dithmenos
 14826 | D:13     | Lost intelligence.
 14827 | D:13     | Slain by an orange demon

Illustrated notes

Levels and vault maps discovered:
D:1:      dpeg_arrival_boxes_within_box, layout_rooms, grunt_decor_cap,
          st_stairs_8
D:2:      layout_basic, basic_altar, uniq_terence
D:3:      layout_basic, mainiacjoe_overflow_paths
D:4:      layout_basic, serial_shops, shop, nicolae_ossuary_entry_ruins
D:5:      layout_cave_pools, slow_altar_2, hangedman_minor_gate_pass
D:6:      layout_layer_cave, overflow_temple_1_default,
          minmay_temple_entry_tees, uniq_maggie
D:7:      layout_loops_ring, minivault_5, grunt_ministairs_3
D:8:      layout_cave_pools, serial_gnoll_camp, gnoll_camp_mini_doghouse,
          gnoll_camp_mini_sergeant, gnoll_camp_huts_basic, gnoll_camp_mini_hut,
          gnoll_camp_mini_loothouse, chequers_arboretum, minmay_parallelograms
D:9:      layout_rooms, jmf_multi_god_temple
D:10:     layout_basic, fiery_altar_vehumet,
          nicolae_hepliaklqana_ecumenical_no_more, nicolae_wu_jian_wuxing_cycle,
          serial_shops, shop, grunt_ministairs_6, guppyfry_shop_venom
D:11:     layout_cave_pods, grunt_lair_entry_orc_guard_hut, hiddenorc1_lemuel,
          serial_shops, shop, ebering_ghost_disaster_area, trog_butcher_becter
D:12:     layout_cave_pools, kennysheep_just_a_vault
D:13:     layout_grid_maze, minmay_orc_keep

Skill      XL: |  1  2  3  4  5  6  7  8  9 10 11 12 |
---------------+-------------------------------------+-----
Axes           | 3 4 5 6 7 10 12 14 16 | 16.2
Fighting       | 4 5 6 |  6.7
Shields        | 5 6 7 8 10 12 14 | 14.3
Armour         | |  3.2

Action                     |  1- 3 |  4- 6 |  7- 9 | 10-12 || total
---------------------------+-------+-------+-------+-------++-------
  Melee: War axe           |    64 |   131 |   118 |       ||   313
         Executioner's axe |       |       |    87 |   305 ||   392
 Invoke: Shadow Step       |       |       |       |     2 ||     2
  Evoke: Wand              |       |       |       |     2 ||     2
    Use: Scroll            |     3 |    10 |     5 |     8 ||    26
         Potion            |       |       |     2 |       ||     2
   Stab: Paralysed         |       |     2 |       |       ||     2
 Armour: Scale mail        |    37 |    52 |    49 |       ||   138
         Chain mail        |       |       |    23 |    83 ||   106
  Dodge: Dodged            |    44 |    54 |    93 |    52 ||   243
  Block: Buckler           |    22 |    42 |    51 |       ||   115
         Tower shield      |       |       |   116 |   449 ||   565
